 Dungeon Crawl Stone Soup version 0.23-a0-643-g9ccc95a (webtiles) character file.

15 MalarOregon the Poker (level 2, -1/23 HPs)
             Began as a Merfolk Gladiator on Jan 1, 2019.
             Slain by a jackal (3 damage)
             ... on level 1 of the Dungeon.
             The game lasted 00:00:38 (131 turns).

MalarOregon the Poker (Merfolk Gladiator)            Turns: 131, Time: 00:00:39

Health: -1/23      AC:  4    Str: 14    XL:     2   Next: 50%
Magic:  2/2        EV: 14    Int:  7    God:
Gold:   0          SH:  0    Dex: 15    Spells: 1/1 levels left

rFire    . . .     SeeInvis .   a - +0 trident
rCold    . . .     Gourm    .   (no shield)
rNeg     . . .     Faith    .   b - +0 leather armour
rPois    .         Spirit   .   c - +0 helmet
rElec    .         Reflect  .   (no cloak)
rCorr    .         Harm     .   (no gloves)
MR       .....                  (no boots)
Stlth    +.........             (no amulet)
HPRegen  0.07/turn              (no ring)
MPRegen  0.08/turn              (no ring)

@: no status effects
A: change form in water, swift swim, stealthy swim
a: no special abilities


You were on level 1 of the Dungeon.
You were not hungry.

You visited 1 branch of the dungeon, and saw 1 of its levels.

Inventory:

Hand Weapons
 a - a +0 trident (weapon)
Missiles
 d - 3 throwing nets (quivered) {!f}
 f - 26 stones
Armour
 b - a +0 leather armour (worn)
 c - a +0 helmet (worn)
Potions
 h - a potion of lignification {unknown}
Comestibles
 e - a ration {!d}
 g - a chunk of flesh


   Skills:
 + Level 2.4 Fighting
 + Level 4.6 Polearms
 + Level 2.2 Throwing
 + Level 0.4 Armour
 + Level 4.2 Dodging


You had one spell level left.
You didn't know any spells.
Your spell library was empty.

Dungeon Overview and Level Annotations

Branches:
Dungeon (1/15)

Altars:


Message History

You hit the dart slug. The dart slug launches a dart at you.
The slug dart misses you.
You puncture the dart slug!
You kill the dart slug!
Items here: ) ††† a +0 short sword; a kobold corpse; a rat corpse x2
There's nothing to close nearby.
There's nothing to close nearby.
There's nothing to close nearby.
You start resting.
A jackal comes into view.
A jackal comes into view.
The jackal barks! x2
Items here: ) ††† a +0 short sword; a kobold corpse; a rat corpse x2
You hit the jackal. The jackal bites you.
* * * LOW HITPOINT WARNING * * *
You barely miss the jackal. The jackal bites you.
* * * LOW HITPOINT WARNING * * *
You hit the jackal but do no damage. The jackal barely misses you.
The jackal closely misses you.
You barely miss the jackal.
The jackal bites you but does no damage.
You hit the jackal but do no damage. The jackal closely misses you.
The jackal barely misses you.
You completely miss the jackal. The jackal bites you.
* * * LOW HITPOINT WARNING * * *
You completely miss the jackal. The jackal closely misses you.
The jackal misses you.
You hit the jackal. The jackal misses you.
You closely miss the jackal. The jackal closely misses you.
The jackal barely misses you.
You hit the jackal but do no damage. The jackal barely misses you.
You barely miss the jackal. The jackal closely misses you.
The jackal barely misses you.
You closely miss the jackal.
The jackal bites you but does no damage.
You hit the jackal.
You kill the jackal!
The jackal barely misses you.
You closely miss the jackal. The jackal closely misses you.
You hit the jackal but do no damage.
The jackal bites you but does no damage.
The jackal barely misses you.
Unknown command.
You hit the jackal. The jackal misses you.
You hit the jackal but do no damage. The jackal closely misses you.
The jackal bites you.
You die...

...>g# ####.÷.# ......#
#.....####### .......
#...##'.....## .......
###..###.......## .......
#....##.........##
.......###.#.##...........##
.......#.....#.............#+
............##..............#
......#.....@h......<........
........##..##..............#
.......####..+.............##
....... #####...........+#
......# ##.........## .$....
##.......## ..... ##.....##
.... #######


You could see a jackal.

Vanquished Creatures
  A dart slug (D:1)
  A ball python (D:1)
  A bat (D:1)
  A goblin (D:1)
  4 jackals (D:1)
  A kobold (D:1)
  3 rats (D:1)
12 creatures vanquished.

Notes
Turn   | Place    | Note
-------+----------+-------------------------------------------
     0 | D:1      | MalarOregon the Merfolk Gladiator began the quest for the
                  | Orb.
     0 | D:1      | Reached XP level 1. HP: 16/16 MP: 1/1
    59 | D:1      | Reached XP level 2. HP: 8/23 MP: 2/2
   131 | D:1      | Slain by a jackal

Vault maps used:
D:1:      lemuel_arrival_rhombus

Action                   || total
-------------------------++-------
Melee: Trident           ||    67
Armor: Leather armour    ||    14
Dodge: Dodged            ||    57

Table legend:
 A = Non-vault XP
 B = Vault XP
 C = Vault XP percentage of total XP
 D = Non-vault monster count
 E = Vault monster count
 F = Vault count percentage of total count
                 A         B        C        D         E       F
            +---------+---------+-------+---------+---------+-------
      Total |      22 |       0 |   0.0 |      12 |       0 |   0.0
            +---------+---------+-------+---------+---------+-------
        D:1 |      22 |       0 |   0.0 |      12 |       0 |   0.0
            +---------+---------+-------+---------+---------+-------
